 Dungeon Crawl Stone Soup version 0.17.1-2-g5865329 (webtiles) character file.

120 JustSomeDude the Poker (level 4, 0/34 HPs)
             Began as a Demonspawn Gladiator on Jan 20, 2016.
             Slain by a rat (1 damage)
             ... in a sewer.
             The game lasted 00:06:13 (2223 turns).

JustSomeDude the Poker (Demonspawn Gladiator)       Turns: 2223, Time: 00:06:15

Health: 0/34       AC:  9    Str: 16      XL:     4   Next: 75%
Magic:  4/4        EV:  8    Int:  8 (9)  God:
Gold:   52         SH:  0    Dex: 14      Spells: 0 memorised, 3 levels left

rFire  . . .     SeeInvis .     a - +0 trident
rCold  . . .     Clarity  .     c - +0 chain mail
rNeg   . . .     SustAt   .     (no shield)
rPois  .         Gourm    .     j - +0 helmet
rElec  .         Spirit   .     (no cloak)
rCorr  .         Warding  .     (no gloves)
rMut   .         Stasis   .     (no boots)
MR     .....                    (no amulet)
Stlth  ..........               (no ring)
                                (no ring)

@: lethally poisoned (0 -> -8), very slightly contaminated, hasted, very quick,
not resistant to hostile enchantments, extremely unstealthy
A: claws 2
a: no special abilities


You were in a sewer.
You were not hungry.

You visited 1 branch of the dungeon, and saw 3 of its levels.
You also visited: Sewer.

You collected 52 gold pieces.

Inventory:

Hand Weapons
 a - a +0 trident (weapon)
Missiles
 b - 7 javelins
 d - 3 throwing nets (quivered)
Armour
 c - a +0 chain mail (worn)
 j - a +0 helmet (worn)
Jewellery
 m - an uncursed ring of stealth {unknown}
Scrolls
 g - 3 scrolls of remove curse {unknown}
 l - 3 scrolls of identify {unknown}
 q - 5 scrolls of teleportation {unknown}
 r - a scroll of immolation
Comestibles
 e - 3 bread rations
 f - 2 chunks of flesh
 i - 2 meat rations
 n - 4 fruits


   Skills:
 + Level 2.6 Fighting
 + Level 3.3 Polearms
 + Level 2.0 Throwing
 * Level 2.1 Armour
 + Level 3.2 Dodging
 + Level 0.4 Stealth


You had 3 spell levels left.
You didn't know any spells.

Dungeon Overview and Level Annotations

Branches:
Dungeon (3/15)

Altars:
Elyvilon
Okawaru


Innate Abilities, Weirdness & Mutations

You have very sharp fingernails.


Message History

The adder poisons you!
The rat splashes around in the water.
The rat bites you but does no damage.
You closely miss the adder.
The adder is severely wounded.
* * * LOW HITPOINT WARNING * * *
You feel sick. The adder bites you.
* * * LOW HITPOINT WARNING * * *
The rat bites you but does no damage.
The rat splashes around in the water.
Your chain mail prevents you from hitting the adder.
The adder is severely wounded.
The adder bites you.
* * * LOW HITPOINT WARNING * * *
The rat bites you but does no damage.
The rat splashes around in the water.
You miss the adder.
The adder is severely wounded.
* * * LOW HITPOINT WARNING * * *
You feel sick. The adder bites you.
* * * LOW HITPOINT WARNING * * *
The rat bites you but does no damage. The rat bites you.
You die...

#≈≈≈≈≈≈#
#≈≈≈≈≈≈#
#≈≈≈≈≈≈#
#≈≈≈≈≈≈#
#≈≈≈≈≈≈#
#≈≈≈≈≈≈#
#≈≈≈≈≈≈#
#≈≈≈≈≈≈#
#≈≈≈≈≈≈#
#≈≈≈≈≈≈#
#≈≈≈≈≈≈#
#≈≈≈≈≈≈#
#≈≈÷÷≈≈#
#≈≈≈≈≈≈#
#≈..÷≈.#
#rr..≈≈#
#......#
#.@....#
#..∩∩..#
##.S....#
#......#
#........
##....##
##........
######
##.......
##....
###.


You could see an adder and 2 rats.

Vanquished Creatures
  2 adders (Sewer)
  5 river rats
  2 worms (D:3)
  A giant gecko (D:1)
  A ball python (Sewer)
  5 bats
  4 giant cockroaches
  3 goblins
  3 hobgoblins
  7 kobolds
  7 jackals (D:2)
  22 rats
62 creatures vanquished.

Notes
Turn   | Place    | Note
--------------------------------------------------------------
     0 | D:1      | JustSomeDude the Demonspawn Gladiator began the quest for the Orb.
     0 | D:1      | Reached XP level 1. HP: 16/16 MP: 1/1
   231 | D:1      | Gained mutation: You have sharp fingernails. [demonic ancestry]
   231 | D:1      | Reached XP level 2. HP: 22/22 MP: 2/2
   283 | D:1      | Reached skill level 3 in Polearms
   916 | D:2      | Found an iron altar of Okawaru.
   947 | D:2      | Found a faded altar to an unknown god.
   952 | D:2      | Reached XP level 3. HP: 17/27 MP: 3/3
  1305 | D:2      | Found a white marble altar of Elyvilon.
  1463 | D:2      | Reached skill level 1 in Armour
  1746 | D:3      | Found a glowing drain.
  1756 | Sewer    | Entered a sewer
  1791 | Sewer    | Gained mutation: You have very sharp fingernails. [demonic ancestry]
  1791 | Sewer    | Reached XP level 4. HP: 10/34 MP: 4/4
  2223 | Sewer    | HP: 1/34 [adder (2)]
  2223 | Sewer    | Slain by a rat

Action                   |  1- 3 |  4- 6 || total
-------------------------+-------+-------++-------
Melee: Trident           |   198 |    67 ||   265
  Use: Potion            |     2 |     3 ||     5
       Scroll            |     2 |       ||     2
  Eat: Chunk             |     3 |       ||     3
       Royal jelly       |       |     1 ||     1
